[Event "Krakow Championship-B 2022"]
[Site "Krakow"]
[Date "2022.06.30"]
[Round "7.10"]
[White "Karut, Kacper"]
[Black "Czaplak, Lukasz"]
[Result "0-1"]
[ECO "C54"]
[WhiteElo "1775"]
[BlackElo "1905"]
[Annotator "NA RC"]
[PlyCount "104"]
[EventDate "2022.06.25"]
[EventType "swiss"]
[EventCountry "POL"]
[SourceTitle "playchess.com"]
[Source "ChessBase"]
[SourceQuality "1"]
[TimeControl "40/5400+30:1800+30"]

1. e4 e5 2. Nf3 Nc6 3. Bc4 Bc5 4. c3 Nf6 5. d4 exd4 6. b4 Bb6 7. e5 d5 8. exf6 dxc4 9. Qe2+ Be6 10. b5 Na5 11. fxg7 Rg8 12. Bg5 Qd5 13. Bf6 d3 14. Qe5 Qxe5+ 15. Nxe5 c6 16. Nd2 cxb5 17. Ne4 Bc7 18. f4 Bd5 19. Ng3 Nc6 20. Nf5 Bxe5 21. fxe5 Kd7 22. Nh6 Rge8 23. Kd2 b4 24. Rab1 bxc3+ 25. Kxc3 b6 26. Rb5 Be6 27. Rf1 Kc7 28. Bh4 a6 29. Rbb1 b5 30. a3 Kb6 31. Bf2+ Kb7 32. Bg3 Kb6 33. Nxf7 a5 34. Nd6 b4+ 35. axb4 axb4+ 36. Kd2 Ra2+ 37. Ke3 Re2+ 38. Kf4 Rg8 39. Kg5 Rxg7+ 40. Kh6 Rg4 41. Rf6 Bd5 42. Bf2+ Rxf2 43. Rxf2 c3 44. Nf5 c2 45. Rg1 b3 46. Ne3 Rd4 47. Rd2 Be4 48. e6 b2 49. Nxc2 dxc2 50. Rxd4 Nxd4 51. e7 Nf5+ 52. Kxh7 Nxe7+ 0-1

[Event "Krakow Championship-B 2022"]
[Site "Krakow"]
[Date "2022.06.30"]
[Round "7.11"]
[White "Marciniak, Leonard"]
[Black "Cwiek, Ryszard"]
[Result "1/2-1/2"]
[ECO "A44"]
[WhiteElo "1799"]
[BlackElo "1880"]
[Annotator "NA RC"]
[PlyCount "103"]
[EventDate "2022.06.25"]
[EventType "swiss"]
[EventCountry "POL"]
[SourceTitle "playchess.com"]
[Source "ChessBase"]
[SourceQuality "1"]
[TimeControl "40/5400+30:1800+30"]

1. d4 c5 2. d5 e5 3. e4 d6 4. Nc3 a6 5. a4 Be7 6. Nf3 Bg4 7. h3 Bxf3 8. Qxf3 Bg5 9. Bxg5 Qxg5 10. Qg4 Qxg4 11. hxg4 h6 12. a5 Nd7 13. Kd2 O-O-O 14. Bd3 Ngf6 15. f3 g6 16. g3 h5 17. gxh5 gxh5 18. Rh3 Rh7 19. Rah1 Rdh8 20. Nd1 Nf8 21. Ne3 Ng6 22. Nf5 Kd7 23. Ke3 Ne7 24. Nh4 Rg7 25. Kf2 Rhg8 26. Rg1 Kc7 27. Ng2 Rb8 28. Ne3 Rbg8 29. Rhh1 Kd7 30. Bf1 Kc7 31. Bh3 Rg5 32. Bf5 Nfxd5 33. exd5 Nxf5 34. Nxf5 Rxf5 35. Rh4 Rfg5 36. Rc4 b5 37. axb6+ Kxb6 38. Ra4 a5 39. Rga1 Rxg3 40. Rxa5 Rg2+ 41. Ke3 c4 42. Ra6+ Kb7 43. Ra7+ Kb8 44. Ra8+ Kb7 45. R1a7+ Kb6 46. Ra6+ Kc5 47. Ra5+ Kb4 48. Ra4+ Kc5 49. R4a5+ Kb4 50. Ra4+ Kb5 51. R4a5+ Kb4 52. Ke4 1/2-1/2

[Event "Krakow Championship-B 2022"]
[Site "Krakow"]
[Date "2022.06.30"]
[Round "7.12"]
[White "Zarebska, Lena"]
[Black "Szopa, Emilia"]
[Result "1-0"]
[ECO "B12"]
[WhiteElo "1829"]
[BlackElo "1839"]
[Annotator "NA RC"]
[PlyCount "53"]
[EventDate "2022.06.25"]
[EventType "swiss"]
[EventCountry "POL"]
[SourceTitle "playchess.com"]
[Source "ChessBase"]
[SourceQuality "1"]
[TimeControl "40/5400+30:1800+30"]

1. e4 c6 2. d4 d5 3. e5 c5 4. dxc5 Nc6 5. Nf3 Bg4 6. c3 e6 7. Be3 Qc7 8. Nbd2 Nge7 9. Qa4 Bxf3 10. Nxf3 Nf5 11. Bd4 Be7 12. Bd3 O-O 13. O-O f6 14. Rfe1 Nfxd4 15. cxd4 fxe5 16. Nxe5 Nxe5 17. Rxe5 Bxc5 18. Rc1 Rf4 19. Qc2 Rxd4 20. Bxh7+ Kh8 21. Rh5 Qe7 22. Qe2 Rf4 23. Bg6+ Kg8 24. Rh8+ Kxh8 25. Qh5+ Kg8 26. Qh7+ Kf8 27. Qh8# 1-0

[Event "Krakow Championship-B 2022"]
[Site "Krakow"]
[Date "2022.07.01"]
[Round "8.1"]
[White "Szczurek, Krzysztof"]
[Black "Hnatyshyn, Anastasiia"]
[Result "1/2-1/2"]
[ECO "D79"]
[WhiteElo "2151"]
[BlackElo "1890"]
[Annotator "RC"]
[PlyCount "97"]
[EventDate "2022.06.25"]
[EventType "swiss"]
[EventCountry "POL"]
[SourceTitle "playchess.com"]
[Source "ChessBase"]
[SourceQuality "1"]
[TimeControl "40/5400+30:1800+30"]

1. Nf3 d5 2. g3 g6 3. d4 Bg7 4. Bg2 Nf6 5. c4 c6 6. O-O O-O 7. cxd5 cxd5 8. Nc3 Nc6 9. Bf4 Ne4 10. Rc1 Bf5 11. Be3 Rc8 12. h3 Qd7 13. Kh2 Rfd8 14. Nh4 Nxc3 15. bxc3 Be6 16. f4 Na5 17. g4 Nc4 18. Bg1 f5 19. gxf5 Bxf5 20. Nxf5 gxf5 21. Bf2 Kh8 22. Qd3 Bf6 23. Bf3 Rg8 24. Rg1 e6 25. e3 Qa4 26. Qc2 Qa5 27. Be2 Rxg1 28. Kxg1 Nd6 29. Bd3 b5 30. Qb2 Qc7 31. Be1 Rg8+ 32. Kh1 Qg7 33. Qh2 Qf7 34. Rc2 Qh5 35. Be2 Qh6 36. h4 Qg7 37. Bd3 Nc4 38. Bf2 a5 39. Be2 Qe7 40. Qh3 b4 41. cxb4 Qxb4 42. Qf1 Rc8 43. Kh2 Rc7 44. Qc1 Bd8 45. Be1 Qa3 46. Qxa3 Nxa3 47. Rxc7 Bxc7 48. Kg2 Kg7 49. Bd3 1/2-1/2

[Event "Krakow Championship-B 2022"]
[Site "Krakow"]
[Date "2022.07.01"]
[Round "8.2"]
[White "Skomial, Mateusz"]
[Black "Cichon, Jakub"]
[Result "1-0"]
[ECO "B51"]
[WhiteElo "2063"]
[BlackElo "1884"]
[Annotator "NA RC"]
[PlyCount "89"]
[EventDate "2022.06.25"]
[EventType "swiss"]
[EventCountry "POL"]
[SourceTitle "playchess.com"]
[Source "ChessBase"]
[SourceQuality "1"]
[TimeControl "40/5400+30:1800+30"]

1. e4 c5 2. Nf3 d6 3. Bb5+ Nd7 4. c4 Ngf6 5. Nc3 a6 6. Ba4 g6 7. d4 cxd4 8. Nxd4 Bg7 9. O-O O-O 10. h3 Nb6 11. Bb3 Qc7 12. Qe2 Nfd7 13. Be3 Nc5 14. Rac1 Nxb3 15. axb3 e6 16. Rfd1 Bd7 17. Qd2 Nc8 18. Nf3 Rd8 19. Bg5 f6 20. Bf4 Bc6 21. Be3 Ne7 22. b4 Be8 23. b3 Rac8 24. Nd4 Bf7 25. b5 f5 26. Bg5 Rd7 27. Nf3 Bf8 28. Ne5 Rdd8 29. Nxf7 Kxf7 30. exf5 gxf5 31. Qe2 Bg7 32. Re1 Qd7 33. Na4 Bd4 34. Qh5+ Ng6 35. Bxd8 Rxd8 36. Rcd1 Bg7 37. Nc5 dxc5 38. Rxd7+ Rxd7 39. Rd1 Rc7 40. b6 Re7 41. Qxh7 Nf4 42. Rd8 Ne2+ 43. Kf1 Nd4 44. Rg8 Kf6 45. Qh4+ 1-0

[Event "Krakow Championship-B 2022"]
[Site "Krakow"]
[Date "2022.07.01"]
[Round "8.3"]
[White "Garsky, Vladyslav"]
[Black "Stemmler, Fabian"]
[Result "1-0"]
[ECO "A04"]
[WhiteElo "1860"]
[BlackElo "2054"]
[Annotator "NA RC"]
[PlyCount "119"]
[EventDate "2022.06.25"]
[EventType "swiss"]
[EventCountry "POL"]
[SourceTitle "playchess.com"]
[Source "ChessBase"]
[SourceQuality "1"]
[TimeControl "40/5400+30:1800+30"]

1. Nf3 f5 2. c4 Nf6 3. Nc3 e6 4. g3 b6 5. Bg2 Bb7 6. O-O Be7 7. d3 O-O 8. Qc2 Nc6 9. a3 Qe8 10. e4 fxe4 11. dxe4 Qh5 12. h3 h6 13. Be3 Nh7 14. Qd1 d6 15. Nd4 Qxd1 16. Rfxd1 Nxd4 17. Bxd4 e5 18. Be3 Bg5 19. Nd5 Bxe3 20. Nxe3 Ng5 21. Nd5 Ne6 22. Nc3 a6 23. Rd2 Nd4 24. Re1 c5 25. Ne2 Rac8 26. f4 Kf7 27. Kh2 Ke7 28. f5 Bc6 29. g4 a5 30. Kg3 b5 31. cxb5 Bxb5 32. Nc3 Bc6 33. Bf1 Rb8 34. Bc4 Rb7 35. Rf1 Rfb8 36. Rff2 Rf8 37. h4 Rbb8 38. g5 hxg5 39. hxg5 Rh8 40. Rh2 Rbf8 41. Rdf2 Bd7 42. Nd5+ Kd8 43. g6 Be8 44. Nc3 Bd7 45. Kg4 Bc8 46. Rh7 Rxh7 47. gxh7 Rh8 48. Bg8 Nc6 49. Nd5 Ne7 50. Nxe7 Kxe7 51. Kg5 Bd7 52. f6+ gxf6+ 53. Kg6 Be6 54. Kg7 Rxg8+ 55. hxg8=Q Bxg8 56. Kxg8 d5 57. exd5 Kd6 58. Kf7 Kxd5 59. Kxf6 e4 60. Kf5 1-0

[Event "Krakow Championship-B 2022"]
[Site "Krakow"]
[Date "2022.07.01"]
[Round "8.4"]
[White "Czaplak, Lukasz"]
[Black "Duncan, Patrick C M"]
[Result "1/2-1/2"]
[ECO "B10"]
[WhiteElo "1905"]
[BlackElo "2013"]
[Annotator "NA RC"]
[PlyCount "109"]
[EventDate "2022.06.25"]
[EventType "swiss"]
[EventCountry "POL"]
[SourceTitle "playchess.com"]
[Source "ChessBase"]
[SourceQuality "1"]
[TimeControl "40/5400+30:1800+30"]

1. e4 c6 2. Nf3 d5 3. exd5 cxd5 4. Ne5 Nf6 5. d4 g6 6. c3 Bg7 7. Bd3 O-O 8. Qe2 Nc6 9. f4 Qc7 10. Be3 a6 11. Nd2 b5 12. O-O Ne8 13. Nxc6 Qxc6 14. f5 Bxf5 15. Bxf5 gxf5 16. Rxf5 e6 17. Rh5 f5 18. Bg5 Nf6 19. Bxf6 Rxf6 20. Rh3 Qd6 21. a3 Rg6 22. Re1 Rf8 23. Nf3 Qf4 24. Rh4 Qd6 25. Ne5 Bxe5 26. Qxe5 Qxe5 27. Rxe5 a5 28. Rh3 Rc8 29. Rhe3 Kf7 30. Kf2 Rc6 31. Re1 Rg4 32. R5e3 b4 33. axb4 axb4 34. Ra1 Rc7 35. Ra6 Re4 36. Rh3 Kg7 37. Rg3+ Kf6 38. Rh3 bxc3 39. bxc3 Kg6 40. Rg3+ Kf6 41. Ra8 Rg4 42. Re3 Rcg7 43. g3 Rc7 44. Rf8+ Rf7 45. Rxf7+ Kxf7 46. Re2 Rg8 47. Rb2 Rc8 48. Rb3 Kf6 49. Kf3 Rc4 50. Ra3 h6 51. h3 Kg5 52. h4+ Kf6 53. Ke3 Rc7 54. Kf4 Rc4 55. Ke3 1/2-1/2

[Event "Krakow Championship-B 2022"]
[Site "Krakow"]
[Date "2022.07.01"]
[Round "8.5"]
[White "Malik, Maciej"]
[Black "Khandhar, Kaushal"]
[Result "1/2-1/2"]
[ECO "C11"]
[WhiteElo "1984"]
[BlackElo "1936"]
[Annotator "RC"]
[PlyCount "165"]
[EventDate "2022.06.25"]
[EventType "swiss"]
[EventCountry "POL"]
[SourceTitle "playchess.com"]
[Source "ChessBase"]
[SourceQuality "1"]
[TimeControl "40/5400+30:1800+30"]

1. e4 e6 2. Nf3 d5 3. Nc3 dxe4 4. Nxe4 Nd7 5. d4 Ngf6 6. Bd3 Nxe4 7. Bxe4 Nf6 8. Bg5 Be7 9. Bxf6 gxf6 10. Qe2 c6 11. O-O-O Qc7 12. Kb1 Bd7 13. Rhe1 O-O-O 14. h3 Bd6 15. Nd2 Kb8 16. Bf3 Bc8 17. Ne4 Bb4 18. c3 Be7 19. Qc4 b6 20. Ng3 Bb7 21. Qe2 Rd7 22. Qe3 Rhd8 23. Re2 c5 24. Red2 cxd4 25. cxd4 Bxf3 26. Qxf3 Qb7 27. Qxb7+ Kxb7 28. Kc2 Rd5 29. Ne2 a6 30. Nc3 R5d7 31. a3 f5 32. d5 Bf6 33. dxe6 Rxd2+ 34. Rxd2 Rxd2+ 35. Kxd2 fxe6 36. Nd1 Kc6 37. Kd3 Kd5 38. Ne3+ Kc5 39. b3 b5 40. g4 fxg4 41. hxg4 Bb2 42. Nc2 a5 43. b4+ axb4 44. axb4+ Kd5 45. f4 Bc1 46. Ne3+ Kd6 47. Ke4 Bd2 48. Nc2 Ke7 49. Nd4 Kf7 50. Nc6 Kf6 51. g5+ Kf7 52. Ke5 Bc3+ 53. Kd6 Bd2 54. Ne5+ Kg7 55. Nd3 Kf7 56. Kc5 Kg6 57. Kxb5 Kf5 58. Kc4 Ke4 59. b5 Ba5 60. Nc5+ Kxf4 61. Nxe6+ Ke5 62. Nf8 Kf5 63. Nxh7 Kg6 64. Nf8+ Kxg5 65. Kc5 Kf6 66. Nd7+ Ke7 67. Nb8 Be1 68. Kc6 Bf2 69. Kc7 Bg3+ 70. Kb7 Bf2 71. Kc6 Kd8 72. Nd7 Kc8 73. Nb6+ Kb8 74. Nd5 Bg1 75. Nc3 Bd4 76. Ne4 Bg1 77. Nc5 Bxc5 78. Kxc5 Kc7 79. b6+ Kb7 80. Kb5 Kb8 81. Ka6 Ka8 82. b7+ Kb8 83. Kb6 1/2-1/2

[Event "Krakow Championship-B 2022"]
[Site "Krakow"]
[Date "2022.07.01"]
[Round "8.6"]
[White "Palacki, Rafal"]
[Black "Zamekhovskiy, Yevgen"]
[Result "1/2-1/2"]
[ECO "B10"]
[WhiteElo "1810"]
[BlackElo "1926"]
[Annotator "RC"]
[PlyCount "141"]
[EventDate "2022.06.25"]
[EventType "swiss"]
[EventCountry "POL"]
[SourceTitle "playchess.com"]
[Source "ChessBase"]
[SourceQuality "1"]
[TimeControl "40/5400+30:1800+30"]

1. e4 c6 2. Nf3 d5 3. d3 Bg4 4. h3 Bh5 5. Nbd2 Nd7 6. exd5 cxd5 7. g3 e5 8. Bg2 Bd6 9. O-O Ne7 10. c4 O-O 11. cxd5 Nxd5 12. Ne4 N7b6 13. Qb3 h6 14. a4 a5 15. Nc3 Nb4 16. Be3 Kh8 17. Nb5 N6d5 18. Bd2 f6 19. Bxb4 Nxb4 20. Nd2 Qd7 21. Ne4 Be7 22. Rac1 Rac8 23. Na7 Bf7 24. Qd1 Rxc1 25. Qxc1 Nxd3 26. Qb1 f5 27. Nc3 Bc5 28. Nab5 e4 29. Ne2 Bb3 30. Nbc3 b6 31. Nc1 Nxc1 32. Qxc1 Qd3 33. Kh2 Qc4 34. Qf4 Qe6 35. Re1 Qg6 36. Qd2 Qf6 37. Qe2 Rd8 38. Qb5 Bc2 39. Qe2 Bd3 40. Qd2 Qd4 41. Kg1 Rf8 42. Rd1 Re8 43. Bf1 Qe5 44. Kg2 Bxf1+ 45. Rxf1 Kg8 46. Re1 Kf7 47. h4 Re7 48. Qd1 g6 49. Qb3+ Qe6 50. Qd1 Rd7 51. Qe2 Bb4 52. Qe3 Kg7 53. Rc1 Rd3 54. Qe2 Qc4 55. Kh2 Bxc3 56. bxc3 Qxa4 57. Qb2 Qc6 58. c4+ Kh7 59. Qe5 Qd6 60. Qe8 Qd7 61. Qf8 e3 62. Re1 Qg7 63. Qxg7+ Kxg7 64. fxe3 Kf6 65. Rb1 Rxe3 66. Rxb6+ Re6 67. c5 Ke5 68. c6 Re7 69. Ra6 Kd6 70. Rxa5 Rc7 71. h5 1/2-1/2

[Event "Krakow Championship-B 2022"]
[Site "Krakow"]
[Date "2022.07.01"]
[Round "8.7"]
[White "Cattaruzzo, Nicolo`"]
[Black "Kulesza, Andrzej"]
[Result "0-1"]
[ECO "A45"]
[WhiteElo "1744"]
[BlackElo "1998"]
[Annotator "RC"]
[PlyCount "160"]
[EventDate "2022.06.25"]
[EventType "swiss"]
[EventCountry "POL"]
[SourceTitle "playchess.com"]
[Source "ChessBase"]
[SourceQuality "1"]
[TimeControl "40/5400+30:1800+30"]

1. d4 Nf6 2. Bg5 Ne4 3. Bf4 c5 4. f3 Qa5+ 5. c3 Nf6 6. d5 d6 7. e4 Nbd7 8. Na3 a6 9. Nc4 Qc7 10. a4 b6 11. Bd3 g6 12. g4 h6 13. Ne2 Bg7 14. Qd2 Bb7 15. Ng3 Ne5 16. Nxe5 dxe5 17. Be3 Rd8 18. Qe2 Ra8 19. Qd2 c4 20. Bc2 Rd8 21. a5 bxa5 22. Qf2 Nd7 23. O-O O-O 24. Ra4 Rfe8 25. f4 Rc8 26. f5 Nf6 27. fxg6 fxg6 28. h3 Rf8 29. Qd2 Kh7 30. Rfa1 Qd7 31. Kh2 e6 32. Rxa5 Qd6 33. dxe6 Qxe6 34. Qe2 Nd7 35. Rf1 Rg8 36. Qf2 Qd6 37. Rd1 Qe7 38. Qd2 Rgd8 39. Qe2 Qe6 40. Ra4 Bf6 41. Rd2 Be7 42. Ra1 Nc5 43. Rad1 Rf8 44. Rf1 Bc6 45. Qd1 Bb5 46. Rdf2 Rxf2+ 47. Rxf2 Nd3 48. Bxd3 cxd3 49. Bd2 Bc4 50. b4 Rd8 51. Qf1 Rd7 52. Qc1 g5 53. Nf5 Qc6 54. Qe1 Bd8 55. Rf3 Qg6 56. Qf1 a5 57. bxa5 Bxa5 58. Qa1 Bd8 59. Qa8 Qa6 60. Qb8 Qa2 61. Rf2 Qa7 62. Qxa7 Rxa7 63. Nd6 Bb3 64. Rf3 Rd7 65. Nf5 Ba5 66. Ne3 Kg6 67. Rf8 Bd8 68. Kg2 Kg7 69. Rf1 Ra7 70. Rc1 Ra2 71. Nf1 Bc2 72. Kf3 Be7 73. Re1 Kf7 74. Ne3 Ba4 75. Nf1 Ke6 76. Rb1 Bc5 77. Be3 Bc2 78. Rb5 d2 79. Nxd2 Bd1+ 80. Kf2 Rxd2+ 0-1

[Event "Krakow Championship-B 2022"]
[Site "Krakow"]
[Date "2022.07.01"]
[Round "8.8"]
[White "Owoc, Jakub"]
[Black "Maciejewski, Kamil"]
[Result "0-1"]
[ECO "A05"]
[WhiteElo "1741"]
[BlackElo "1939"]
[Annotator "ChessBase"]
[PlyCount "172"]
[EventDate "2022.06.25"]
[EventType "swiss"]
[EventCountry "POL"]
[SourceTitle "playchess.com"]
[Source "ChessBase"]
[SourceQuality "1"]
[TimeControl "40/5400+30:1800+30"]

1. Nf3 Nf6 2. b3 b6 3. Bb2 Bb7 4. e3 e6 5. Be2 Be7 6. c4 c5 7. d4 O-O 8. O-O d5 9. Nc3 Nc6 10. Rc1 cxd4 11. Nxd4 Nxd4 12. Qxd4 dxc4 13. Qxc4 Rc8 14. Qa4 Qd2 15. Ba1 Rxc3 16. Bxc3 Qxe2 17. Qxa7 Qa6 18. Qxa6 Bxa6 19. Bxf6 gxf6 20. Rfd1 Bc5 21. a3 Ra8 22. b4 Bf8 23. Rc6 Be2 24. Rd4 b5 25. f3 f5 26. e4 Rxa3 27. exf5 exf5 28. Rf4 Bd3 29. g4 Rb3 30. Rc8 Kg7 31. Rd8 Be7 32. Re8 Rxb4 33. Rxb4 Bxb4 34. g5 Bd2 35. h4 f4 36. Kg2 Be3 37. h5 h6 38. Kh3 Bf5+ 39. Kg2 hxg5 40. Re5 Bd3 41. Rxg5+ Kh6 42. Rd5 Bc4 43. Re5 b4 44. Re4 Be6 45. Rxb4 Kxh5 46. Rb5+ Kg6 47. Ra5 Kf6 48. Rb5 Bc4 49. Ra5 Ke6 50. Rg5 Bd5 51. Rh5 Kd6 52. Rh8 Ke5 53. Re8+ Kd4 54. Rd8 Kc4 55. Rd7 Be6 56. Rd8 Bd4 57. Ra8 Kd3 58. Ra4 Ke3 59. Ra3+ Ke2 60. Ra4 Be3 61. Ra5 Bc4 62. Re5 Ke1 63. Ra5 Bf1+ 64. Kh1 Kf2 65. Rf5 Bc4 66. Rxf4 Bd5 67. Rf5 Be6 68. Rf6 Bg5 69. Rf4 Kg3 70. Ra4 Kxf3 71. Ra1 Be3 72. Kh2 Bg4 73. Ra2 f5 74. Rg2 Bf2 75. Kh1 f4 76. Kh2 Bg3+ 77. Kg1 Ke3 78. Ra2 Be2 79. Kg2 Be1 80. Ra7 f3+ 81. Kh2 f2 82. Rf7 Bf3 83. Re7+ Kd2 84. Rd7+ Kc2 85. Rf7 f1=Q 86. Rxf3 Qxf3 0-1

[Event "Krakow Championship-B 2022"]
[Site "Krakow"]
[Date "2022.07.01"]
[Round "8.9"]
[White "Cwiek, Ryszard"]
[Black "Zarebska, Lena"]
[Result "1-0"]
[ECO "B20"]
[WhiteElo "1880"]
[BlackElo "1829"]
[Annotator "NA RC"]
[PlyCount "125"]
[EventDate "2022.06.25"]
[EventType "swiss"]
[EventCountry "POL"]
[SourceTitle "playchess.com"]
[Source "ChessBase"]
[SourceQuality "1"]
[TimeControl "40/5400+30:1800+30"]

1. e4 c5 2. Ne2 g6 3. Nbc3 Bg7 4. g3 Nc6 5. Bg2 d6 6. d3 e6 7. O-O Nge7 8. Be3 a6 9. f4 Nd4 10. Qd2 h5 11. Nd1 Qc7 12. c3 Nxe2+ 13. Qxe2 Bd7 14. Qf2 Rc8 15. d4 Bb5 16. Re1 O-O 17. Bh3 Bd3 18. Bg2 cxd4 19. Bxd4 e5 20. Bb6 Qd7 21. Qd2 Bb5 22. Nf2 Qc6 23. Be3 f6 24. Bh3 f5 25. Rad1 Rcd8 26. Bg2 Qc7 27. Nh3 Bf6 28. Qf2 Qc8 29. Bb6 Rd7 30. exf5 gxf5 31. Bf3 Qe8 32. fxe5 dxe5 33. Rxd7 Bxd7 34. Bxb7 f4 35. Qg2 Kh8 36. gxf4 exf4 37. Ng5 Bxg5 38. Qxg5 Rg8 39. Bd4+ Kh7 40. Be4+ Bf5 41. Bxf5+ Nxf5 42. Rxe8 Rxg5+ 43. Kf2 Nxd4 44. cxd4 Rd5 45. Re4 Rf5 46. Kf3 Ra5 47. a3 Rb5 48. b4 Rb6 49. Rxf4 a5 50. d5 axb4 51. axb4 Kg6 52. h4 Rb5 53. Rd4 Kf7 54. d6 Ke8 55. d7+ Kd8 56. Ke4 Rb6 57. Kd3 Rc6 58. Ke4 Rb6 59. Kd5 Rg6 60. Kc5 Rg1 61. b5 Rg4 62. Rxg4 hxg4 63. Kd4 1-0

[Event "Krakow Championship-B 2022"]
[Site "Krakow"]
[Date "2022.07.01"]
[Round "8.10"]
[White "Cichon, Bartlomiej"]
[Black "Marciniak, Leonard"]
[Result "1/2-1/2"]
[ECO "B36"]
[WhiteElo "1895"]
[BlackElo "1799"]
[Annotator "NA RC"]
[PlyCount "100"]
[EventDate "2022.06.25"]
[EventType "swiss"]
[EventCountry "POL"]
[SourceTitle "playchess.com"]
[Source "ChessBase"]
[SourceQuality "1"]
[TimeControl "40/5400+30:1800+30"]

1. e4 c5 2. Nf3 Nc6 3. d4 cxd4 4. Nxd4 g6 5. c4 Nf6 6. Nc3 Nxd4 7. Qxd4 d6 8. Be3 Bg7 9. Be2 O-O 10. Qd2 a5 11. O-O a4 12. f3 Qa5 13. Rac1 Be6 14. Nb5 Qxd2 15. Bxd2 Nd7 16. Rc2 Rfc8 17. Be3 Nc5 18. Rb1 f5 19. Nd4 fxe4 20. Nxe6 Nxe6 21. fxe4 Bd4 22. Kf2 h5 23. Rd1 Bxe3+ 24. Kxe3 Rc5 25. Rcd2 Kg7 26. h4 Rf8 27. g3 b6 28. Rf1 Rxf1 29. Bxf1 Re5 30. Bg2 g5 31. Rf2 Kg6 32. Bh3 g4 33. Bg2 b5 34. Rf5 b4 35. Rxe5 dxe5 36. a3 bxa3 37. bxa3 Nc5 38. Kd2 Kf6 39. Kc3 Ke6 40. Kb4 Kd6 41. Kb5 e6 42. Kb6 Nd3 43. Bf1 Nc5 44. Bg2 Nd3 45. Kb5 Nc5 46. Bh1 Nd3 47. Bg2 Nc5 48. Kb6 Nd3 49. Bf1 Nc5 50. Bg2 Nd3 1/2-1/2

[Event "Krakow Championship-B 2022"]
[Site "Krakow"]
[Date "2022.07.01"]
[Round "8.11"]
[White "Matuszczyk, Mateusz"]
[Black "Radzimski, Antoni"]
[Result "1-0"]
[ECO "C42"]
[WhiteElo "1830"]
[BlackElo "1612"]
[Annotator "NA COMBH RC"]
[PlyCount "37"]
[EventDate "2022.06.25"]
[EventType "swiss"]
[EventCountry "POL"]
[SourceTitle "playchess.com"]
[Source "ChessBase"]
[SourceQuality "1"]
[TimeControl "40/5400+30:1800+30"]

1. e4 e5 2. Nf3 Nf6 3. Nxe5 d6 4. Nf3 Nxe4 5. c4 Be7 6. d4 d5 7. Nc3 Nxc3 8. bxc3 O-O 9. cxd5 Qxd5 10. Be2 c6 11. O-O b5 12. Ne5 Be6 13. a4 bxa4 14. Bc4 Qa5 15. Rxa4 Qxc3 16. Bxe6 fxe6 17. Re1 Rd8 18. Re3 Qc5 {[%emt 0:00:32] 8.13} 19. Ba3 1-0

[Event "Krakow Championship-B 2022"]
[Site "Krakow"]
[Date "2022.07.01"]
[Round "8.12"]
[White "Karut, Kacper"]
[Black "Al-Hajiri, Bader"]
[Result "1/2-1/2"]
[ECO "C80"]
[WhiteElo "1775"]
[BlackElo "2052"]
[Annotator "NA RC"]
[PlyCount "75"]
[EventDate "2022.06.25"]
[EventType "swiss"]
[EventCountry "POL"]
[SourceTitle "playchess.com"]
[Source "ChessBase"]
[SourceQuality "1"]
[TimeControl "40/5400+30:1800+30"]

1. e4 e5 2. Nf3 Nc6 3. Bb5 a6 4. Ba4 Nf6 5. O-O Nxe4 6. d4 b5 7. Bb3 d5 8. dxe5 Be6 9. Be3 Bc5 10. Qe2 O-O 11. Rd1 Bxe3 12. Qxe3 Na5 13. Nbd2 Nxb3 14. axb3 Nxd2 15. Rxd2 Qe7 16. Nd4 Bd7 17. Ne2 c6 18. Nf4 Rfe8 19. Re2 Bf5 20. Qb6 Be4 21. Qxc6 Qxe5 22. Nd3 Qg5 23. f4 Qg4 24. Rae1 h6 25. Nc5 Rac8 26. Qd6 Bxg2 27. Rxe8+ Kh7 28. Qd7 f5 29. R1e3 Be4+ 30. Rg3 Qd1+ 31. Kf2 Qxc2+ 32. Ke1 Qc1+ 33. Ke2 Qxb2+ 34. Ke1 Qc1+ 35. Ke2 Qc2+ 36. Ke1 Qc1+ 37. Ke2 Qc2+ 38. Ke1 1/2-1/2

[Event "Krakow Championship-B 2022"]
[Site "Krakow"]
[Date "2022.07.02"]
[Round "9.1"]
[White "Garsky, Vladyslav"]
[Black "Skomial, Mateusz"]
[Result "1/2-1/2"]
[ECO "A05"]
[WhiteElo "1860"]
[BlackElo "2063"]
[Annotator "NA RC"]
[PlyCount "88"]
[EventDate "2022.06.25"]
[EventType "swiss"]
[EventCountry "POL"]
[SourceTitle "playchess.com"]
[Source "ChessBase"]
[SourceQuality "1"]
[TimeControl "40/5400+30:1800+30"]

1. Nf3 Nf6 2. g3 d5 3. Bg2 e6 4. O-O Be7 5. c4 O-O 6. d4 dxc4 7. Qa4 a6 8. Qxc4 b5 9. Qc2 Bb7 10. Bd2 Nc6 11. e3 Nb4 12. Bxb4 Bxb4 13. Ne5 Bxg2 14. Kxg2 Qd5+ $1 15. f3 Qb7 16. Qc6 Qb6 17. Rc1 $14 Bd6 18. Nd3 Rac8 19. Nd2 Nd5 20. Kf2 Qa7 21. Ne4 Ne7 22. Qc2 Rfd8 23. Qb3 Nd5 24. Rc6 Rb8 25. Rac1 Rb6 26. R6c2 h6 27. h4 Qb8 28. Rg1 a5 29. Rcc1 Be7 30. Rh1 Qa7 31. g4 a4 32. Qc2 f5 33. gxf5 exf5 34. Nc3 Nxe3 35. Qe2 Re6 36. Nxb5 Ng4+ 37. Kf1 Qb6 38. Ne5 Nxe5 39. dxe5 Rd5 40. Nxc7 Rdxe5 41. Qc4 Qe3 42. Nxe6 Qxf3+ 43. Kg1 Qg3+ 44. Kf1 Qf3+ 1/2-1/2

[Event "Krakow Championship-B 2022"]
[Site "Krakow"]
[Date "2022.07.02"]
[Round "9.2"]
[White "Duncan, Patrick C M"]
[Black "Szczurek, Krzysztof"]
[Result "1/2-1/2"]
[ECO "A01"]
[WhiteElo "2013"]
[BlackElo "2151"]
[Annotator "RC"]
[PlyCount "64"]
[EventDate "2022.06.25"]
[EventType "swiss"]
[EventCountry "POL"]
[SourceTitle "playchess.com"]
[Source "ChessBase"]
[SourceQuality "1"]
[TimeControl "40/5400+30:1800+30"]

1. b3 d5 2. Bb2 c5 3. e3 Nc6 4. Bb5 Nf6 5. Bxc6+ bxc6 6. Nf3 Bg4 7. h3 Bf5 8. d3 h6 9. Ne5 Qc7 10. Nd2 e6 11. f4 Bd6 12. Qe2 O-O 13. O-O-O Nd7 14. Nxd7 Qxd7 15. e4 Bh7 16. e5 Be7 17. g4 a5 18. a4 Rab8 19. h4 Rb4 20. Rdf1 Rfb8 21. Rh3 Bf8 22. g5 Bf5 23. Rg3 g6 24. h5 hxg5 25. fxg5 Bg7 26. h6 Bh8 27. Ba3 Qc7 28. Re1 Qb6 29. Qe3 Kh7 30. Kd1 Kg8 31. Kc1 Kh7 32. Kd1 Kg8 1/2-1/2

[Event "Krakow Championship-B 2022"]
[Site "Krakow"]
[Date "2022.07.02"]
[Round "9.3"]
[White "Hnatyshyn, Anastasiia"]
[Black "Czaplak, Lukasz"]
[Result "1-0"]
[ECO "C06"]
[WhiteElo "1890"]
[BlackElo "1905"]
[Annotator "NA RC"]
[PlyCount "71"]
[EventDate "2022.06.25"]
[EventType "swiss"]
[EventCountry "POL"]
[SourceTitle "playchess.com"]
[Source "ChessBase"]
[SourceQuality "1"]
[TimeControl "40/5400+30:1800+30"]

1. e4 e6 2. d4 d5 3. Nd2 Nf6 4. e5 Nfd7 5. Bd3 c5 6. c3 Nc6 7. Ne2 cxd4 8. cxd4 f6 9. exf6 Nxf6 10. O-O Bd6 11. Nf3 O-O 12. Bf4 Bxf4 13. Nxf4 Ne4 14. Nh5 g6 15. Ng3 Nxg3 16. hxg3 Qb6 17. Bc2 Qxb2 18. Rb1 Qa3 19. Re1 Qe7 20. Qd2 b6 21. Bb3 Qf6 22. Qe3 Bd7 23. Ba4 Rfe8 24. Bxc6 Bxc6 25. Ne5 Bb7 26. Rb3 Rac8 27. Ng4 Qg7 28. Qg5 Rf8 29. Rxe6 Rc7 30. Nf6+ Kh8 31. Ne8 Qxd4 32. Nxc7 Qxf2+ 33. Kh2 Rf5 34. Re8+ Kg7 35. Ne6+ Kf7 36. Qe7# 1-0